Map: Simulacrum LE

Players

cerrado - Winner!

  • Race: Protoss Protoss
  • League: Silver
  • Spawn Location: 5:00

Ratl

  • Race: Protoss Protoss
  • League: Silver
  • Spawn Location: 11:00

VOD

Have the link to the VOD?

Description

Time

  • Played on: Feb. 3, 2020, 12:24 p.m.
  • Length: 17:52
Show
View Real Time Build Order
Export as new Build Order

cerrado Protoss - Winner!

Build Orders: Carriers 

Get SALT Encoding   

  12  0:03  Probe  
  13  0:19  Pylon  
  13  0:23  Probe (Chrono Boost)  
  14  0:33  Probe (Chrono Boost)  
  15  0:38  Probe (Chrono Boost)  
  16  0:42  Forge  
  16  0:49  Probe  
  17  1:01  Probe  
  17  1:02  Pylon  
  18  1:16  Pylon  
  18  1:23  Photon Cannon  
  18  1:30  Photon Cannon  
  18  1:55  Nexus  
  18  2:00  Assimilator  
  18  2:05  Assimilator  
  18  2:16  Photon Cannon  
  18  2:19  Assimilator  
  18  2:31  Gateway  
  18  2:49  Pylon  
  18  2:51  Probe (Chrono Boost)  
  19  3:02  Probe (Chrono Boost)  
  19  3:05  Pylon  
  20  3:09  Probe x2 (Chrono Boost)  
  22  3:19  Probe (Chrono Boost)  
  23  3:22  Photon Cannon  
  23  3:24  Probe (Chrono Boost)  
  24  3:35  Probe  
  24  3:36  Photon Cannon  
  25  3:47  Probe  
  26  3:55  Nexus  
  26  3:58  Assimilator  
  26  4:02  Assimilator  
  26  4:15  Photon Cannon  
  26  4:22  Assimilator  
  26  4:25  Probe (Chrono Boost)  
  27  4:35  Probe (Chrono Boost)  
  28  4:40  Probe (Chrono Boost)  
  29  4:51  Probe  
  30  5:03  Probe  
  31  5:15  Probe  
  27  5:21  Pylon  
  23  5:28  Pylon  
  23  5:32  Photon Cannon  
  21  5:43  Pylon  
  21  5:48  Pylon  
  21  6:10  Probe (Chrono Boost)  
  22  6:21  Probe (Chrono Boost)  
  22  6:24  Photon Cannon  
  23  6:26  Probe (Chrono Boost)  
  23  6:29  Pylon  
  24  6:39  Probe (Chrono Boost), Cybernetics Core  
  26  6:40  Probe (Chrono Boost)  
  27  6:49  Probe (Chrono Boost)  
  27  6:50  Probe (Chrono Boost)  
  29  6:55  Probe (Chrono Boost)  
  29  6:57  Probe (Chrono Boost)  
  29  6:58  Probe (Chrono Boost)  
  31  7:02  Probe (Chrono Boost)  
  31  7:06  Probe  
  31  7:08  Photon Cannon  
  33  7:12  Photon Cannon  
  33  7:13  Probe  
  34  7:17  Probe  
  34  7:18  Probe  
  36  7:25  Probe  
  36  7:29  Probe  
  38  7:31  Photon Cannon  
  38  7:34  Pylon  
  38  7:41  Probe  
  38  7:58  Photon Cannon  
  38  8:07  Pylon  
  38  8:15  Stargate  
  38  8:16  Stargate  
  38  8:20  Stargate  
  38  8:24  Stargate  
  38  8:32  Pylon  
  38  8:48  Probe (Chrono Boost)  
  39  8:50  Protoss Air Weapons Level 1 (Chrono Boost)  
  40  8:56  Probe (Chrono Boost)  
  40  8:59  Probe (Chrono Boost)  
  41  9:04  Probe (Chrono Boost)  
  41  9:06  Probe (Chrono Boost)  
  41  9:09  Probe (Chrono Boost)  
  43  9:14  Probe  
  43  9:16  Void Ray x2 (Chrono Boost)  
  49  9:20  Probe  
  49  9:22  Void Ray (Chrono Boost)  
  62  9:26  Probe  
  62  9:27  Void Ray (Chrono Boost)  
  63  9:32  Probe  
  64  9:44  Probe  
  65  9:47  Cybernetics Core  
  65  9:53  Shield Battery  
  65  9:56  Shield Battery  
  65  10:01  Probe (Chrono Boost)  
  66  10:11  Probe (Chrono Boost)  
  67  10:14  Void Ray  
  67  10:15  Void Ray x2  
  67  10:16  Probe (Chrono Boost)  
  67  10:17  Void Ray  
  84  10:27  Probe  
  85  10:34  Photon Cannon  
  85  10:37  Pylon  
  85  10:39  Probe  
  86  10:44  Photon Cannon  
  86  10:59  Stargate  
  86  11:00  Protoss Air Armor Level 1  
  86  11:06  Pylon  
  86  11:14  Stargate  
  86  11:20  Probe (Chrono Boost), Pylon  
  88  11:28  Probe (Chrono Boost)  
  88  11:30  Probe (Chrono Boost)  
  89  11:34  Void Ray  
  89  11:35  Void Ray  
  89  11:36  Probe (Chrono Boost), Void Ray  
  89  11:37  Void Ray  
  89  11:38  Probe (Chrono Boost)  
  107  11:40  Probe (Chrono Boost)  
  108  11:51  Probe  
  109  12:25  Nexus  
  109  12:27  Assimilator  
  101  12:37  Assimilator  
  101  12:59  Photon Cannon  
  101  13:00  Photon Cannon  
  101  13:04  Photon Cannon  
  101  13:11  Photon Cannon  
  101  13:17  Photon Cannon  
  101  13:19  Photon Cannon  
  101  13:26  Photon Cannon  
  101  13:32  Photon Cannon  
  101  13:37  Photon Cannon  
  101  13:46  Pylon  
  101  13:49  Pylon  
  101  13:52  Pylon  
  101  13:57  Fleet Beacon  
  101  14:00  Robotics Facility  
  101  14:07  Pylon  
  101  14:31  Stargate  
  101  14:35  Photon Cannon  
  100  14:51  Tempest x2  
  100  14:52  Tempest x2  
  110  14:53  Tempest x2  
  120  15:11  Photon Cannon  
  120  15:12  Shield Battery  
  120  15:17  Photon Cannon  
  120  15:22  Shield Battery  
  120  15:26  Pylon  
  120  15:29  Unknown  
  120  15:31  Observer  
  121  15:45  Carrier  
  121  15:46  Carrier x3  
  121  15:47  Carrier  
  121  15:48  Carrier x2  
  163  15:53  Observer  
  164  16:33  Photon Cannon  
  164  16:37  Pylon  
Show
View Real Time Build Order
Export as new Build Order

Ratl Protoss 

Build Orders:  

Get SALT Encoding   

  12  0:01  Probe  
  13  0:13  Probe  
  14  0:19  Pylon  
  14  0:25  Probe  
  15  0:38  Probe (Chrono Boost)  
  15  0:39  Gateway  
  16  0:47  Assimilator  
  17  0:50  Probe (Chrono Boost)  
  17  0:58  Probe (Chrono Boost)  
  17  1:01  Assimilator  
  18  1:04  Probe  
  19  1:13  Gateway  
  19  1:23  Probe  
  20  1:27  Cybernetics Core  
  20  1:35  Probe  
  21  1:47  Probe  
  22  1:59  Probe  
  23  2:07  Pylon  
  23  2:11  Warp Gate (Chrono Boost)  
  23  2:17  Pylon  
  23  2:24  Adept x2  
  23  2:25  Probe  
  28  2:37  Probe  
  29  2:49  Probe  
  30  2:52  Nexus  
  30  2:54  Adept x2  
  34  3:04  Probe  
  35  3:14  Pylon  
  35  3:16  Probe  
  36  3:30  Adept  
  36  3:31  Adept  
  40  3:48  Probe  
  41  3:58  Stargate  
  41  4:00  Probe  
  42  4:20  Stargate  
  42  4:29  Stalker x2  
  47  4:31  Probe (Chrono Boost)  
  47  4:36  Probe (Chrono Boost)  
  48  4:38  Pylon  
  48  4:41  Probe (Chrono Boost)  
  48  4:45  Probe (Chrono Boost)  
  50  4:55  Probe  
  43  5:20  Probe x2  
  45  5:32  Probe x2  
  55  5:36  Assimilator  
  55  5:38  Assimilator  
  55  5:39  Oracle  
  55  5:41  Oracle  
  53  5:44  Probe x2  
  55  5:52  Protoss Air Weapons Level 1 (Chrono Boost)  
  53  6:07  Adept x2  
  57  6:20  Oracle x2, Twilight Council  
  63  6:35  Stalker x2  
  63  6:38  Probe x2  
  69  6:50  Probe  
  70  6:55  Robotics Facility  
  70  7:02  Pylon  
  70  7:12  Pylon  
  70  7:20  Probe x2  
  70  7:21  Nexus  
  72  7:32  Probe x2  
  74  7:44  Probe  
  75  8:03  Void Ray  
  75  8:04  Void Ray  
  83  8:09  Blink  
  83  8:12  Stalker  
  85  8:21  Assimilator  
  85  8:22  Probe  
  85  8:23  Assimilator  
  85  8:27  Pylon  
  86  8:28  Pylon  
  86  8:32  Probe, Warp Prism  
  86  8:34  Probe  
  90  8:44  Probe  
  91  8:51  Probe x2  
  91  8:54  Void Ray x2  
  101  8:56  Probe  
  102  9:03  Probe  
  102  9:04  Probe  
  102  9:07  Pylon  
  102  9:09  Probe  
  105  9:10  Fleet Beacon  
  105  9:12  Protoss Air Armor Level 1 (Chrono Boost)  
  105  9:17  Pylon  
  105  9:27  Nexus  
  105  9:29  Stalker x2  
  105  9:30  Assimilator  
  109  9:34  Assimilator  
  109  9:36  Gateway  
  109  9:37  Pylon  
  109  9:39  Gateway  
  109  9:41  Pylon  
  109  9:42  Pylon  
  109  9:43  Pylon  
  109  9:44  Void Ray x2  
  109  9:46  Immortal  
  109  9:47  Gateway  
  121  9:59  Stalker x2  
  125  10:11  Unknown  
  125  10:15  Resonating Glaives  
  125  10:19  Immortal  
  125  10:21  Void Ray x2 (Chrono Boost)  
  137  10:48  Immortal  
  137  10:54  Stalker x2  
  137  10:55  Stalker x3  
  147  11:01  Void Ray x2 (Chrono Boost)  
  159  11:17  Cybernetics Core  
  159  11:23  Protoss Air Armor Level 2 (Chrono Boost)  
  83  12:14  Phoenix x2  
  81  12:30  Immortal  
  77  12:41  Phoenix x2 (Chrono Boost)  
  81  12:58  Phoenix x2 (Chrono Boost)  
  81  13:00  Stalker x4  
  81  13:01  Protoss Air Weapons Level 2 (Chrono Boost), Stalker  
  95  13:08  Forge  
  95  13:10  Pylon, Forge  
  95  13:14  Immortal  
  99  13:21  Phoenix x2  
  103  13:27  Stalker  
  103  13:28  Stalker x4  
  113  13:40  Phoenix  
  113  13:41  Phoenix  
  113  13:42  Immortal  
  113  13:44  Protoss Ground Armor Level 1 (Chrono Boost)  
  113  13:46  Protoss Ground Weapons Level 1 (Chrono Boost)  
  121  13:55  Charge (Chrono Boost)  
  121  14:14  Stalker x3  
  121  14:15  Zealot x2  
  121  14:16  Phoenix  
  131  14:18  Phoenix  
  135  14:41  Phoenix  
  135  14:43  Phoenix  
  139  14:54  Immortal  
  143  15:11  Robotics Facility  
  143  15:12  Robotics Bay  
  143  15:14  Robotics Facility  
  143  15:24  Immortal, Void Ray x2 (Chrono Boost)  
  155  15:54  Stalker x4  
  155  15:55  Stalker  
  165  16:03  Immortal  
  161  16:32  Immortal x2  
  169  16:37  Void Ray x2 (Chrono Boost)  
  177  16:42  Disruptor  
  122  17:11  Disruptor  
Tags
 
Composition
Carriers
Matchup
PvP
Spawn Locations
Cross Positions
Add a new tag
Caveats
  • Supply blocks, unpowered buildings, or Contaminate may cause inaccurate times.
  • Supply counts are checked every 10 seconds.